 Dungeon Crawl Stone Soup version 0.31-a0-79-g9ec6622867 (webtiles) character file.

Game seed: 3697866384666664979

1208 Kenran the Carver (level 8, -4/53 (58) HPs)
             Began as a Vampire Fighter on May 24, 2023.
             Was an Elder of Ignis.
             Slain by Edmund
             ... wielding a +3 flail of holy wrath
              (10 damage)
             ... on level 6 of the Dungeon.
             The game lasted 00:09:15 (4639 turns).

Kenran the Carver (Vampire Fighter)                 Turns: 4639, Time: 00:09:15

HP:   -4/53 (58)    AC: 15    Str: 15    XL:     8   Next: 21%
MP:   8/8           EV:  9    Int: 11    God:    Ignis [****..]
Gold: 259           SH:  5    Dex: 15    Spells: 7/7 levels left

rFire   + + .        a - +0 long sword
rCold   . . .        c - +0 buckler
rNeg    . . .        t - +1 ring mail {rPois}
rPois   +            q - +1 helmet {SInv}
rElec   .            (no cloak)
rCorr   .            (no gloves)
SInv    +            (no boots)
Will    .....        s - amulet of regeneration
Stlth   +            g - ring of poison resistance
HPRegen 1.28/turn    m - ring of protection from fire
MPRegen 0.11/turn

%: no passive effects
@: fiery-armoured, healing quickly, drained
A: alive, fangs 3, see invisible, vampiric 2
a: Exsanguinate, Renounce Religion, Fiery Armour, Foxfire Swarm, Rising Flame


You were on level 6 of the Dungeon.
You worshipped Ignis.
Ignis was greatly pleased with you.
You visited 1 branch of the dungeon, and saw 6 of its levels.

You collected 382 gold pieces.
You spent 123 gold pieces at shops.

Inventory:

Hand Weapons
 a - a +0 long sword (weapon)
Missiles
 w - a throwing net (quivered)
Armour
 c - a +0 buckler (worn)
 q - a +1 helmet of see invisible (worn)
 t - a +1 ring mail of poison resistance (worn)
Jewellery
 g - a ring of poison resistance (left hand)
 m - a ring of protection from fire (right hand)
 s - an amulet of regeneration (around neck)
Wands
 n - a wand of polymorph (7)
 v - a wand of flame (23)
 x - a wand of mindburst (18)
Scrolls
 b - a scroll of enchant weapon
 h - 2 scrolls of magic mapping
 i - 3 scrolls of teleportation
 k - 2 scrolls of blinking
 l - a scroll of torment {!r}
 o - a scroll of enchant armour
 r - a scroll of vulnerability {!r}
Potions
 d - a potion of might
 e - a potion of attraction {!q}
 f - 2 potions of brilliance {unknown}
 j - 3 potions of curing {unknown}
 p - 2 potions of heal wounds {unknown}
 u - a potion of resistance {unknown}


   Skills:
 + Level 3.1 Fighting
 - Level 10.0 Long Blades
 - Level 2.4 Armour
 - Level 2.6 Shields


You had 7 spell levels left.
You didn't know any spells.
Your spell library contained the following spells:

 Spells                   Type           Power      Damage    Failure   Level
 Apportation              Tloc           0%         N/A       67%         1
 Magic Dart               Conj           0%         1d3       67%         1
 Necrotise                Necr           0%         1d4       67%         1
 Summon Small Mammal      Summ           0%         N/A       67%         1
 Cigotuvi's Dreadful Rot  Necr/Pois/Air  0%         N/A       80%         2
 Searing Ray              Conj           0%         2d4       80%         2
 Dispel Undead            Necr           0%         3d6       100%        4
 Fulminant Prism          Conj/Hex       0%         3d5       100%        4
 Death Channel            Necr           0%         N/A       100%        6


Dungeon Overview and Level Annotations

Branches:
Dungeon (6/15)             Temple (0/1) D:4

Altars:
Cheibriados
Dithmenos
Gozag
Kikubaaqudgha
Sif Muna
Trog
Vehumet
Ignis

Shops:
D:3 ?

Annotations:
D:6 Edmund


Innate Abilities, Weirdness & Mutations

Your natural rate of healing is accelerated.
You have razor-sharp teeth.
You have supernaturally acute eyesight. (SInv)
You are afflicted with vampirism and can become a bat while bloodless.


Message History

You now have 259 gold pieces (gained 18).
You see here a +0 leather armour.
You open the door.
There is an open door here.
You open the door.
Found 2 stones.
There is an open door here.
You open the door.
There is an open door here.
You open the door.
There is an open door here.
You open the door.
There is an open door here.
As you open the door, it creaks loudly!
Edmund the Younger comes into view.
He is wielding a +3 flail of holy wrath.
Edmund shouts!
Edmund hits you with a +3 flail of holy wrath.
You convulse!
There is an open door here.
You barely miss Edmund. You bite Edmund, but do no damage.
Edmund hits you with a +3 flail of holy wrath.
You convulse.
You are too injured to fight recklessly!
A protective cloak of flame settles atop you.
Edmund hits you with a +3 flail of holy wrath.
You convulse.
You are too injured to fight recklessly!
You are too injured to fight recklessly!
You hit Edmund.
Edmund is lightly wounded.
You block Edmund's attack.
You hit Edmund.
Edmund is lightly wounded.
Edmund hits you with a +3 flail of holy wrath!
You convulse!
* * * LOW HITPOINT WARNING * * *
You hit Edmund. You bite Edmund, but do no damage.
Edmund is moderately wounded.
Edmund hits you with a +3 flail of holy wrath!
You die...

##########
#........########
#........@.......
#........#@......
#........#.......
#........#.......
.........#...##..
#+####'####### .
#.............


oo. #............. .o. +............. .# .... You could see Edmund.

Vanquished Creatures
  A wraith (D:5)
  A water moccasin (D:5)
  A black bear (D:5)
  A scorpion (D:4)
  2 howler monkeys (D:5)
  2 orc priests
  2 hounds
  A gnoll bouda (D:5)
  Terence (D:2)
  4 iguanas
  5 orc wizards
  Robin (D:2)
  11 adders
  12 gnolls
  An ufetubus (D:4)
  2 worms
  2 dart slugs
  13 orcs
  4 ball pythons
  4 endoplasms
  3 giant cockroaches
  6 hobgoblins
  3 jackals (D:2)
  7 quokkas
  5 bats
  A frilled lizard (D:1)
  17 goblins
  5 kobolds
  4 rats
122 creatures vanquished.

Vanquished Creatures (others)
  A kobold (D:3)
1 creature vanquished.

Grand Total: 123 creatures vanquished

Notes
Turn   | Place    | Note
-------+----------+-------------------------------------------
     0 | D:1      | Kenran the Vampire Fighter began the quest for the Orb.
     0 | D:1      | Reached XP level 1. HP: 17/17 MP: 1/1
   368 | D:1      | Reached XP level 2. HP: 15/23 MP: 2/2
   549 | D:1      | Found a faded altar of an unknown god.
   698 | D:1      | Prayed at the altar of an unknown god.
   698 | D:1      | Became a worshipper of Ignis, the Dying Flame
  1133 | D:2      | Reached skill level 3 in Long Blades
  1237 | D:2      | Found a bloodstained altar of Trog.
  1422 | D:2      | Gained mutation: You are afflicted with vampirism and can
                  | become a bat while bloodless. [Vampire growth]
  1422 | D:2      | Reached XP level 3. HP: 28/28 MP: 3/3
  1558 | D:2      | Reached skill level 4 in Long Blades
  1579 | D:2      | Noticed Terence
  1587 | D:2      | Killed Terence
  1588 | D:2      | Reached XP level 4. HP: 34/34 MP: 4/4
  1811 | D:2      | Noticed Robin
  1833 | D:2      | Reached skill level 5 in Long Blades
  1836 | D:2      | Killed Robin
  2077 | D:3      | Reached XP level 5. HP: 38/39 MP: 5/5
  2260 | D:3      | Found Zohimax's Magic Scroll Shoppe.
  2263 | D:3      | Bought a scroll of blinking for 97 gold pieces
  2263 | D:3      | Bought a scroll of identify for 26 gold pieces
  2496 | D:3      | Reached skill level 6 in Long Blades
  2686 | D:3      | Found a shadowy altar of Dithmenos.
  2710 | D:3      | Found a bloodstained altar of Trog.
  2923 | D:4      | Found a staircase to the Ecumenical Temple.
  2941 | D:4      | Reached XP level 6. HP: 41/46 MP: 6/6
  3120 | D:4      | Found an opulent altar of Gozag.
  3532 | D:5      | Entered Level 5 of the Dungeon
  3548 | D:5      | Reached skill level 7 in Long Blades
  3667 | D:5      | Reached XP level 7. HP: 51/51 MP: 7/7
  3803 | D:5      | Found a snail-covered altar of Cheibriados.
  3813 | D:5      | Reached skill level 8 in Long Blades
  3868 | D:5      | Noticed a wraith
  3890 | D:5      | Killed a wraith
  3891 | D:5      | Reached skill level 9 in Long Blades
  3983 | D:5      | Reached XP level 8. HP: 57/57 MP: 8/8
  4215 | D:5      | Found a shimmering blue altar of Sif Muna.
  4224 | D:5      | Found an ancient bone altar of Kikubaaqudgha.
  4245 | D:5      | Found a radiant altar of Vehumet.
  4534 | D:6      | Reached skill level 10 in Long Blades
  4633 | D:6      | Noticed Edmund
  4639 | D:6      | Slain by Edmund

Illustrated notes

Levels and vault maps discovered:
D:1:      dpeg_arrival_arbitrary_b, layout_basic, basic_ecumenical_altar,
          minmay_tetromino_i2
D:2:      layout_loops_cross, basic_altar, kennysheep_generic_room_8,
          uniq_terence, uniq_robin
D:3:      minmay_recursive_quarters, layout_loops_cross,
          mainiacjoe_overflow_concentric_impassable,
          mainiacjoe_overflow_six_doors_small, serial_shops,
          nicolae_shop_rolled_up
D:4:      layout_rooms, elyvilon_altar_5, lemuel_doored_altar,
          minmay_temple_entry_statues_fountains,
          amcnicky_mini_rare_corridor_liquid
D:5:      layout_basic, palyth_temple_overflow_mages,
          mainiacjoe_overflow_cross_hatched, corexii_checkpoint_b,
          chequers_big_river
D:6:      layout_gridville, uniq_grinder, uniq_edmund, uniq_pikel

Skill      XL: |  1  2  3  4  5  6  7  8 |
---------------+-------------------------+-----
Long Blades    | 3 4 5 6 7 9 10 | 10.0
Fighting       | 3 |  3.1
Armour         | |  2.4
Shields        | |  2.6

Action                     |  1- 3 |  4- 6 |  7- 9 || total
---------------------------+-------+-------+-------++-------
  Melee: Long sword        |    74 |   217 |   154 ||   445
         Bite              |     6 |    23 |    17 ||    46
 Invoke: Fiery Armour      |     1 |       |     2 ||     3
    Use: Scroll            |     3 |     6 |       ||     9
 Armour: Scale mail        |    26 |    76 |       ||   102
         Ring mail         |       |    16 |    67 ||    83
  Dodge: Dodged            |    27 |    85 |    58 ||   170
  Block: Buckler           |    33 |    85 |    38 ||   156
         Reflection        |     2 |     7 |       ||     9

Table legend: (Time is in decaauts)
 A = Elapsed time spent in this place.
 B = Non-inter-level travel time spent in this place.
 C = Inter-level travel time spent in this place.
 D = Time resting spent in this place.
 E = Time spent auto-exploring this place.
 F = Levels seen in this place.
 G = Mean time per level.
                   A        B        C        D        E       F      G
               +--------+--------+--------+--------+--------+-----+--------+
         Total |   4715 |   4387 |    328 |    197 |   2884 |   6 |  785.8 |
       Dungeon |   4715 |   4387 |    328 |    197 |   2884 |   6 |  785.8 |
               +--------+--------+--------+--------+--------+-----+--------+

Top non-repeatable levels by time:
     D:1: 1242 daAuts
     D:5: 989 daAuts
     D:3: 877 daAuts
     D:2: 842 daAuts
     D:4: 636 daAuts
     D:6: 127 daAuts
